 Dungeon Crawl Stone Soup version 0.28.0-53-g5a82cb258f (webtiles) character file.

Game seed: 7376808984743488173

563 GigaChad the Slasher (level 7, -3/61 HPs)
             Began as a Minotaur Fighter on Aug 23, 2022.
             Was a Believer of the Shining One.
             Slain by an orc
             ... wielding a +0 trident
              (7 damage)
             ... on level 4 of the Dungeon.
             The game lasted 00:12:14 (3078 turns).

GigaChad the Slasher (Minotaur Fighter)             Turns: 3078, Time: 00:12:15

Health: -3/61      AC:  7    Str: 28    XL:     7   Next: 10%
Magic:  6/6        EV: 10    Int:  5    God:    the Shining One [**....]
Gold:   88         SH:  0    Dex: 16    Spells: 6/6 levels left

rFire   . . .      SeeInvis .   a - +1 long sword
rCold   . . .      Faith    .   c - +0 buckler
rNeg    + . .      Spirit   .   b - +0 scale mail
rPois   .          Reflect  .   (helmet restricted)
rElec   .          Harm     .   (no cloak)
rCorr   .          Rampage  .   (no gloves)
Will    .....                   (no boots)
Stlth   ..........              (no amulet)
HPRegen 0.20/turn               e - +6 ring of dexterity
MPRegen 0.10/turn               g - +6 ring of strength

@: confused, glowing
A: horns 2, retaliatory headbutt
a: Renounce Religion, Divine Shield


You were on level 4 of the Dungeon.
You worshipped the Shining One.
The Shining One was pleased with you.
You visited 1 branch of the dungeon, and saw 4 of its levels.

You collected 88 gold pieces.

Inventory:

Hand Weapons
 a - a +1 long sword (weapon)
Armour
 b - a +0 scale mail (worn)
 c - a +0 buckler (worn)
Jewellery
 e - a +6 ring of dexterity (left hand)
 g - a +6 ring of strength (right hand)
 i - a ring of fire
 l - a +6 ring of strength
Scrolls
 f - 2 scrolls of identify
 h - 3 scrolls of teleportation
Potions
 d - a potion of might
 j - a potion of curing {unknown}
 k - a potion of magic {unknown}
 m - 2 potions of haste {unknown}


   Skills:
 + Level 5.2 Fighting
 + Level 5.9 Long Blades
 + Level 5.6 Armour
 + Level 1.1 Dodging
 + Level 0.2 Stealth
 + Level 5.3 Shields


You had 6 spell levels left.
You didn't know any spells.
Your spell library contained the following spells:

 Spells                   Type           Power      Damage    Failure   Level
 Ensorcelled Hibernation  Hex/Ice        0%         N/A       91%         2
 Spider Form              Tmut/Pois      0%         N/A       99%         3
 Anguish                  Hex/Necr       0%         N/A       100%        4


Dungeon Overview and Level Annotations

Branches:
Dungeon (4/15)
 Temple: D:4-7

Altars:
Qazlal
The Shining One

Annotations:
D:4 Sigmund


Innate Abilities, Weirdness & Mutations

You have a pair of horns on your head.
You reflexively headbutt those who attack you in melee.


Message History

* * * LOW HITPOINT WARNING * * *
The orc closely misses you.
You hit the orc warrior. You headbutt the orc warrior.
The orc warrior is severely wounded.
An orc comes into view. It is wielding a +0 club.
You block the orc's attack.
The orc warrior hits you but does no damage.
You block the orc's attack.
You slash the orc warrior!
You kill the orc warrior!
You block the orc's attack.
The orc hits you from afar with a +0 trident.
* * * LOW HITPOINT WARNING * * *
The orc wizard casts a spell at you. You resist with some effort.
You have reached level 7!
Unknown command.
You barely miss the orc wizard. You headbutt the orc wizard!
The orc wizard is heavily wounded.
The orc barely misses you. You furiously retaliate!
You headbutt the orc!
You kill the orc!
You block the orc's attack. The orc wizard casts a spell at you.
You resist with some effort. The orc hits you but does no damage.
The orc wizard gestures at you while chanting.
You are confused.
You see here a +0 club.
The orc barely misses you. The orc wizard casts a spell at you.
The puff of flame hits you! The Shining One protects you from harm!
Items here: )) [ †††.
You bump into the rock wall.
The orc hits you from afar with a +0 trident.
* * * LOW HITPOINT WARNING * * *
The orc wizard gestures at you while chanting.
You are more confused.
The orc hits you with a +0 trident!
You die...

.o .. . .@. .. o#
.... )###. ....#
..#. .....###..
.....#..#
##....#####
#...<.†oo.# .
#...###.###@####...#
#. #.# #))ooo.# #.#
####O.## #.# ...#
#(. #..# ##. .. # #


You could see an ogre, an orc priest, an orc wizard (invisible) and 3 orcs.

Vanquished Creatures
  Edmund (D:4)
  An orc warrior (D:4)
  An ogre (D:3)
  A centaur (D:3)
  A jelly (D:2)
  An orc wizard (D:4)
  5 adders
  A dart slug (D:3)
  3 orcs
  6 ball pythons
  5 endoplasms
  3 giant cockroaches
  7 goblins
  10 hobgoblins
  5 jackals
  2 quokkas
  5 bats
  A frilled lizard (D:2)
  7 kobolds
  7 rats
73 creatures vanquished.

Vanquished Creatures (others)
  2 plants (D:1)
2 creatures vanquished.

Grand Total: 75 creatures vanquished

Notes
Turn   | Place    | Note
-------+----------+-------------------------------------------
     0 | D:1      | GigaChad the Minotaur Fighter began the quest for the Orb.
     0 | D:1      | Reached XP level 1. HP: 19/19 MP: 0/0
   274 | D:1      | Reached XP level 2. HP: 27/27 MP: 1/1
   446 | D:1      | Found a faded altar of an unknown god.
   677 | D:1      | Prayed at the altar of an unknown god.
   677 | D:1      | Became a worshipper of the Shining One
   677 | D:1      | Reached * piety under the Shining One
   824 | D:2      | You fall into a shaft and drop 1 floor!
   824 | D:3      | Noticed an ogre
   830 | D:3      | Killed an ogre
   831 | D:3      | Reached XP level 3. HP: 3/34 MP: 2/2
   831 | D:3      | Reached XP level 4. HP: 3/41 MP: 3/3
  1211 | D:3      | Noticed a centaur
  1222 | D:3      | Killed a centaur
  1223 | D:3      | Reached XP level 5. HP: 26/47 MP: 4/4
  1692 | D:2      | Found a stormy altar of Qazlal.
  2242 | D:2      | Reached skill level 5 in Long Blades
  2242 | D:2      | Reached skill level 1 in Dodging
  2242 | D:2      | Reached XP level 6. HP: 55/55 MP: 5/5
  3044 | D:4      | Reached ** piety under the Shining One
  3047 | D:4      | Noticed Sigmund
  3048 | D:4      | Reached skill level 5 in Shields
  3052 | D:4      | Noticed Edmund
  3056 | D:4      | Reached skill level 5 in Armour
  3060 | D:4      | Noticed an orc warrior
  3065 | D:4      | Killed Edmund
  3066 | D:4      | Reached skill level 5 in Fighting
  3073 | D:4      | Killed an orc warrior
  3074 | D:4      | Reached XP level 7. HP: 8/61 MP: 6/6
  3076 | D:4      | The Shining One protects you from harm!
  3077 | D:4      | HP: 3/61 [orc/+0 trident (5)]
  3078 | D:4      | Slain by an orc

Illustrated notes

Levels and vault maps discovered:
D:1:      lightli_arrival_chessboard, layout_loops_corners, serial_forest,
          infiniplex_forest_clump_tiny, infiniplex_forest_clump_C,
          infiniplex_forest_straight_4, infiniplex_forest_end_1,
          infiniplex_forest_end_3, infiniplex_forest_zigzag_1,
          infiniplex_forest_lined_3, infiniplex_forest_clump_curved,
          hellmonk_ecumenical_altar_leap_of_faith
D:2:      kennysheep_six_static_rooms, layout_loops_ring, basic_altar
D:3:      layout_basic
D:4:      layout_rooms, serial_shops, shop, uniq_edmund, uniq_menkaure,
          uniq_sigmund

Skill      XL: |  1  2  3  4  5  6 |
---------------+-------------------+-----
Shields        | 4 5 |  5.3
Fighting       | 4 5 |  5.2
Long Blades    | 3 4 5 |  5.9
Armour         | 4 5 |  5.6
Dodging        | 1 |  1.1
Stealth        | |  0.2

Action                   |  1- 3 |  4- 6 |  7- 9 || total
-------------------------+-------+-------+-------++-------
Melee: Long sword        |    30 |   103 |     1 ||   134
       Headbutt          |     4 |    15 |     1 ||    20
  Use: Scroll            |       |     3 |       ||     3
Armor: Scale mail        |    16 |    81 |     1 ||    98
Dodge: Dodged            |    14 |    75 |     2 ||    91
Block: Buckler           |     7 |    50 |     1 ||    58
